 Dungeon Crawl Stone Soup version 0.24-a0-479-g9a978d2894 (webtiles) character file.

Game seed: 662561904653954943

29 Iscandelvey the Vexing (level 3, 27/27 HPs)
             Began as a Demonspawn Arcane Marksman on July 8, 2019.
             Quit the game on level 2 of the Dungeon.
             The game lasted 00:03:05 (993 turns).

Iscandelvey the Vexing (Demonspawn Arcane Marksman)  Turns: 993, Time: 00:03:06

Health: 27/27      AC:  2    Str: 10    XL:     3   Next: 1%
Magic:  4/4        EV: 12    Int: 15    God:
Gold:   40         SH:  0    Dex: 13    Spells: 1/4 levels left

rFire    . . .     SeeInvis .   a - +0 hunting sling
rCold    . . .     Gourm    .   (no shield)
rNeg     . . .     Faith    .   e - +0 robe
rPois    .         Spirit   .   (no helmet)
rElec    .         Reflect  .   (no cloak)
rCorr    .         Harm     .   (no gloves)
MR       .....                  (no boots)
Stlth    +.........             (no amulet)
HPRegen  1.09/turn              (no ring)
MPRegen  0.09/turn              (no ring)

@: no status effects
A: hooves 1, powered by death 1
a: no special abilities


You were on level 2 of the Dungeon.
You were not hungry.

You visited 1 branch of the dungeon, and saw 2 of its levels.

You collected 40 gold pieces.

Inventory:

Hand Weapons
 a - a +0 hunting sling (weapon)
 j - a +0 club
Missiles
 b - 12 stones (quivered)
 d - 17 sling bullets
Armour
 e - a +0 robe (worn)
Scrolls
 c - a scroll of blinking {unknown}
 g - 2 scrolls of remove curse {unknown}
Potions
 h - a potion of curing {unknown}
 i - a potion of invisibility {unknown}
Comestibles
 f - a ration
 k - 3 chunks of flesh


   Skills:
 * Level 1.7 Fighting
 - Level 1.9(2.0) Slings
 * Level 0.4(1.2) Throwing
 + Level 1.9 Dodging
 * Level 1.2 Spellcasting
 * Level 3.4 Hexes


You had one spell level left.
You knew the following spells:

 Your Spells              Type           Power        Failure   Level  Hunger
a - Corona                Hex            ##.....      6%          1    ##.....
b - Slow                  Hex            ##......     9%          2    ###....

Your spell library contained the following spells:

 Spells                   Type           Power        Failure   Level  Hunger
 Inner Flame              Hex/Fire       #.......     34%         3    ####...
 Portal Projectile        Hex/Tloc       #.....       34%         3    ####...
 Cause Fear               Hex            ##........   50%         4    #####..
 Leda's Liquefaction      Hex/Erth       #.........   75%         4    #####..


Dungeon Overview and Level Annotations

Branches:
Dungeon (2/15)

Altars:


Innate Abilities, Weirdness & Mutations

You have large cloven feet.
You regenerate a little health from kills.


Message History

You kill the bat!
Found 12 arrows.
b - 13 stones (gained 1)
A leopard gecko comes into view.
Found 5 gold pieces.
Firing (i - inventory. (/) - cycle)
b - 13 stones (quivered)
Press: ? - help, Shift-Dir - straight line, f - leopard gecko
Aim: a leopard gecko (clinging, resting)
You shoot a stone. The stone hits the leopard gecko.
You kill the leopard gecko!
You have reached level 3!
Your experience leads to an increase in your attributes!
Increase (S)trength, (I)ntelligence, or (D)exterity?
You feel clever.
You feel monstrous as your demonic heritage exerts itself.
Your demonic ancestry asserts itself...
Your feet thicken and deform.
Quiver which item? (- for none, * to show all) (? for menu, Esc to quit)
Okay, then.
Are you sure you want to abandon this character and quit the game? (Confirm with "yes".)

#........
#..(....
....... # $..(.
. .... ####.
..# ..$..##(#
.....(.@#######
#..#...........
#.##..###### #
#......#
#...÷#.#
#.#..#.#
#.#÷...# #
#.#...##.#
#.##..<..#


There were no monsters in sight!

Vanquished Creatures
  A dart slug (D:1)
  2 leopard geckos
  A ball python (D:1)
  5 bats
  A giant cockroach (D:1)
  4 goblins (D:1)
  3 hobgoblins (D:1)
  A frilled lizard (D:2)
  4 kobolds (D:1)
  3 rats (D:1)
25 creatures vanquished.

Notes
Turn   | Place    | Note
-------+----------+-------------------------------------------
     0 | D:1      | Iscandelvey the Demonspawn Arcane Marksman began the quest
                  | for the Orb.
     0 | D:1      | Reached XP level 1. HP: 15/15 MP: 2/2
   261 | D:1      | Gained mutation: You regenerate a little health from kills.
                  | [demonic ancestry]
   261 | D:1      | Reached XP level 2. HP: 19/21 MP: 3/3
   302 | D:1      | Learned a level 2 spell: Slow
   992 | D:2      | Gained mutation: You have large cloven feet. [demonic
                  | ancestry]
   992 | D:2      | Reached XP level 3. HP: 27/27 MP: 4/4
   993 | D:2      | Quit the game

Levels and vault maps discovered:
D:1:      mushboom_english_gardens, layout_basic
D:2:      wad_river_or_something, layout_basic, serial_bayou_lake_a

Action                   || total
-------------------------++-------
 Fire: Hunting sling     ||    75
Armor: Robe              ||     3
Dodge: Dodged            ||     9

Table legend:
 A = Non-vault XP
 B = Vault XP
 C = Vault XP percentage of total XP
 D = Non-vault monster count
 E = Vault monster count
 F = Vault count percentage of total count
                 A         B        C        D         E       F
            +---------+---------+-------+---------+---------+-------
      Total |      42 |       0 |   0.0 |      25 |       0 |   0.0
            +---------+---------+-------+---------+---------+-------
        D:1 |      35 |       0 |   0.0 |      20 |       0 |   0.0
        D:2 |       7 |       0 |   0.0 |       5 |       0 |   0.0
            +---------+---------+-------+---------+---------+-------
